 Dungeon Crawl Stone Soup version 0.31-a0-182-gc5ef74bbde (webtiles) character file.

Game seed: 3757281141788474384

5383 qw the Cleaver (level 10, -6/64 HPs)
             Began as a Gargoyle Fighter on June 20, 2023.
             Was a Believer of Okawaru.
             Mangled by a death yak (8 damage)
             ... on level 8 of the Dungeon.
             The game lasted 00:03:48 (6688 turns).

qw the Cleaver (Gargoyle Fighter)                   Turns: 6688, Time: 00:03:48

Health: -6/64      AC: 30    Str: 27    XL:     10   Next: 66%
Magic:  11/13      EV:  9    Int:  9    God:    Okawaru [**....]
Gold:   685        SH:  6    Dex:  9    Spells: 9/9 levels left

rFire   . . .        Y - +4 war axe
rCold   . . .        c - +0 buckler
rNeg    + + .        s - +0 plate armour
rPois   inf          t - +0 helmet
rElec   +            (no cloak)
rCorr   .            a - +2 pair of gloves {Str+3}
SInv    .            h - +1 pair of boots
Will    .....        p - amulet of faith Stlth
                     k - ring of positive energy
HPRegen 0.30/turn    (no ring)
MPRegen 0.13/turn

%: faith
@: heroic
A: sickness immunity, AC +7, negative energy resistance 1, electricity
resistance, torment resistance 1, petrification resistance
a: Renounce Religion, Heroism


You were on level 8 of the Dungeon.
You worshipped Okawaru.
Okawaru was pleased with you.
You visited 2 branches of the dungeon, and saw 9 of its levels.

You collected 685 gold pieces.


Innate Abilities, Weirdness & Mutations

You are immune to sickness and miasma.
Your stone body is resilient. (AC +7)
You are immune to poison.
You resist negative energy. (rN+)
You are resistant to electric shocks. (rElec)
You are resistant to unholy torment.
You are immune to petrification.


   Skills:
 - Level 8.1(13.1) Fighting
 + Level 10.3(15.3) Axes
 - Level 2.1(7.1) Throwing
 - Level 7.4(12.4) Armour
 - Level 1.3(6.3) Dodging
 - Level 5.1(10.1) Shields
 - Level 4.0 Invocations


You had 9 spell levels left.
You didn't know any spells.
Your spell library was empty.

Inventory:

Hand Weapons
 n - a +0 flail
 Y - a +4 war axe (weapon)
Missiles
 r - 4 boomerangs (quivered)
Armour
 a - a +2 pair of gloves of strength (worn)
 c - a +0 buckler (worn)
 g - a +2 buckler
 h - a +1 pair of boots (worn)
 s - a +0 plate armour (worn)
 t - a +0 helmet (worn)
Jewellery
 f - the amulet of Quriemmu {Contam Rampage Regen+ rCorr Int+3}
   (You acquired it on level 3 of the Dungeon)

   [amulet of regeneration]

   Int:       It affects your intelligence (+3).
   Contam:    It causes magical contamination when unequipped.
   Regen:     It increases your rate of health regeneration.
   rCorr:     It protects you from acid and corrosion.
   Rampage:   It bestows one free step when moving towards enemies.
 k - a ring of positive energy (left hand)
 p - an amulet of faith (around neck)
Scrolls
 b - a scroll of identify
Potions
 d - a potion of might
 e - a potion of haste
 i - 2 potions of enlightenment
 j - 3 potions of curing
 l - a potion of attraction
 m - a potion of invisibility {unknown}
 q - a potion of berserk rage {unknown}
 u - a potion of mutation {unknown}

Dungeon Overview and Level Annotations

Branches:
Dungeon (8/15)             Temple (1/1) D:5
   Lair: D:8-11

Altars:
Ashenzari
Cheibriados
Dithmenos
Elyvilon
Fedhas
Gozag
Hepliaklqana
Kikubaaqudgha
Makhleb
Nemelex Xobeh
Okawaru
Ru
Sif Muna
Trog
Uskayaw
Vehumet
Wu Jian
Xom
Yredelemnul
The Shining One

Annotations:
D:3 exclusion: moth of wrath


Message History

The orc wizard casts a spell.
The orc wizard flickers and vanishes!
Deactivating autopickup; reactivate with Ctrl-A.
The death yak gores you but does no damage.
The death yak gores you!
You slash the death yak!
The death yak is heavily wounded.
You slash the death yak! You slash the yak! You slash the death yak!
The death yak is heavily wounded.
You slash the yak! You slice the death yak!!
You feel like a meek peon again. The yak gores you!
The kobold brigand throws a curare-tipped dart.
The curare-tipped dart closely misses you.
The death yak closely misses you. The death yak gores you!!
6686 ||| INVOKING Heroism.
You gain the combat prowess of a mighty hero.
The yak gores you but does no damage. The death yak gores you!
The kobold brigand barely misses you. The yak gores you but does no damage.
The death yak gores you but does no damage.
You slash the yak!
You kill the yak!
Okawaru accepts your kill.
You slash the yak! You hit the death yak but do no damage.
You hit the death yak. You block the yak's attack.
The kobold brigand completely misses you.
The death yak gores you but does no damage.
The death yak barely misses you.
You barely miss the death yak.
The death yak is severely wounded.
You hit the yak. You slash the kobold!
You kill the kobold!
Okawaru accepts your kill.
You hit the death yak. The death yak closely misses you.
The kobold brigand hits you but does no damage.
The yak gores you. The death yak gores you!
You die... ....(....... ........... ......#....
KKo.......

#oK.....##
.K.......
##YK......
#####Y@Y....#
###..##F......#
###....#..........
#..##.............
###.....).........
#...............
#...............
##...............
#................


You could see 2 death yaks, a yak, a kobold brigand, a bullfrog, 2 orcs and 4
kobolds.

Vanquished Creatures
  A death yak (D:8)
  Maggie (D:6)
  A komodo dragon (D:6)
  Sigmund (D:4)
  2 yaks (D:8)
  A wyvern (D:7)
  A steam dragon (D:8)
  3 orc warriors
  4 ice beasts
  3 black bears
  3 ogres
  3 centaurs
  3 phantoms
  A kobold brigand (D:7)
  A gnoll sergeant (D:5)
  A bullfrog (D:6)
  2 scorpions (D:7)
  3 wights (D:8)
  13 killer bees
  3 hounds
  A jelly (D:7)
  6 orc priests
  A gnoll bouda (D:8)
  3 iguanas
  A sleepcap (D:5)
  6 orc wizards
  13 gnolls
  5 adders
  A shadow imp (D:5)
  A white imp (D:7)
  2 ufetubi
  4 worms
  2 dart slugs
  31 orcs
  7 ball pythons
  4 endoplasms
  3 giant cockroaches
  8 hobgoblins (D:1)
  11 kobolds
  4 quokkas
  4 bats
  2 frilled lizards
  7 goblins
  16 rats
194 creatures vanquished.

Notes
Turn   | Place    | Note
-------+----------+-------------------------------------------
     0 | D:1      | qw the Gargoyle Fighter began the quest for the Orb.
     0 | D:1      | Reached XP level 1. HP: 14/14 MP: 1/1
     0 | D:1      | 0 ||| qw: Version: 0.3-a-9-g12657ce
     0 | D:1      | 0 ||| qw: Game counter: 1427
     0 | D:1      | 0 ||| qw: Always use a shield: true
     0 | D:1      | 0 ||| qw: God list: Okawaru
     0 | D:1      | 0 ||| qw: Allow faded altars: false
     0 | D:1      | 0 ||| qw: Do Orc after D:15 true
     0 | D:1      | 0 ||| qw: Do second Lair branch before Depths: true
     0 | D:1      | 0 ||| qw: Lair rune preference: random
     0 | D:1      | 0 ||| qw: Plans: Normal, Zot:1-4, Slime:5, God:TSO, Crypt,
                  | Tomb, Abyss, Pan, Hells, Win
     0 | D:1      | 0 ||| PLANNING D:1-11
   109 | D:1      | Reached skill level 2 in Axes
   162 | D:1      | Reached XP level 2. HP: 19/19 MP: 2/2
   258 | D:1      | Found a faded altar of an unknown god.
   267 | D:1      | 267 ||| DROPPING +0 whip.
   399 | D:1      | Reached skill level 3 in Axes
   436 | D:1      | 436 ||| Stepping ~*~*~tactically~*~*~ (stealth).
   440 | D:1      | Reached XP level 3. HP: 23/23 MP: 3/3
   914 | D:1      | 914 ||| READING 3 scrolls labelled BURAAL JEILIE.
   919 | D:1      | 919 ||| READING scroll labelled BEMACI ZUCI.
   920 | D:1      | 920 ||| READING scroll labelled FEFOGO EFYI.
   921 | D:1      | 921 ||| READING scroll labelled BIFAESH XIUSM.
  1053 | D:2      | 1053 ||| Stepping ~*~*~tactically~*~*~ (stealth).
  1075 | D:2      | Identified the +6 sling of the Skies Above {elec, rElec}
  1319 | D:2      | Reached XP level 4. HP: 27/28 MP: 4/4
  1538 | D:2      | 1538 ||| Stepping ~*~*~tactically~*~*~ (stealth).
  1540 | D:2      | 1540 ||| Stepping ~*~*~tactically~*~*~ (hiding).
  1549 | D:2      | Reached skill level 4 in Axes
  1710 | D:2      | 1710 ||| DROPPING ring of wizardry.
  1711 | D:2      | 1711 ||| UPGRADING to ring of positive energy.
  1712 | D:2      | 1712 ||| READING scroll labelled ROIBRE ACVO.
  1813 | D:2      | 1813 ||| READING 3 scrolls labelled BEM DYNGUCYPS.
  1814 | D:2      | 1814 ||| READING 2 scrolls of enchant weapon.
  1814 | D:2      | 1814 ||| ENCHANTING +1 war axe.
  1815 | D:2      | 1815 ||| READING scroll of enchant weapon.
  1815 | D:2      | 1815 ||| ENCHANTING +2 war axe.
  1816 | D:2      | 1816 ||| DRINKING 3 fizzy purple potions.
  2020 | D:3      | Found a hide-covered altar of Uskayaw.
  2083 | D:3      | Noticed a moth of wrath
  2084 | D:3      | 2084 ||| READING scroll labelled KUHOM RONAOM.
  2084 | D:3      | Identified a scroll of acquirement
  2084 | D:3      | 2084 ||| ACQUIRING amulet of Quriemmu {Contam Rampage
                  | Regen+ rCorr Int+3}
  2084 | D:3      | Acquired the amulet of Quriemmu {Contam Rampage Regen+
                  | rCorr Int+3}
  2086 | D:3      | 2086 ||| UPGRADING to amulet of Quriemmu {Contam Rampage
                  | Regen+ rCorr Int+3}.
  2093 | D:3      | Found a bloodstained altar of Trog.
  2387 | D:3      | 2387 ||| Stepping ~*~*~tactically~*~*~ (hiding).
  2388 | D:3      | 2388 ||| Stepping ~*~*~tactically~*~*~ (hiding).
  2510 | D:3      | 2510 ||| UPGRADING to +1 pair of boots.
  2515 | D:3      | 2515 ||| READING scroll labelled XEFOAXT GECRED.
  2587 | D:4      | 2587 ||| Stepping ~*~*~tactically~*~*~ (hiding).
  2588 | D:4      | 2588 ||| Stepping ~*~*~tactically~*~*~ (hiding).
  2590 | D:4      | 2590 ||| Stepping ~*~*~tactically~*~*~ (stealth).
  2602 | D:4      | Reached XP level 5. HP: 32/32 MP: 5/5
  2610 | D:4      | 2610 ||| Stepping ~*~*~tactically~*~*~ (stealth).
  2623 | D:4      | 2623 ||| DROPPING +0 mace.
  2663 | D:4      | 2663 ||| Stepping ~*~*~tactically~*~*~ (stealth).
  2768 | D:4      | Noticed a phantom
  2769 | D:4      | 2769 ||| Stepping ~*~*~tactically~*~*~ (stealth).
  2770 | D:4      | 2770 ||| Stepping ~*~*~tactically~*~*~ (stealth).
  2773 | D:4      | 2773 ||| Stepping ~*~*~tactically~*~*~ (stealth).
  2783 | D:4      | Killed a phantom
  2784 | D:4      | Reached skill level 5 in Axes
  2905 | D:4      | Noticed Sigmund
  2906 | D:4      | 2906 ||| Stepping ~*~*~tactically~*~*~ (hiding).
  2914 | D:4      | Killed Sigmund
  2915 | D:4      | Reached XP level 6. HP: 36/40 MP: 6/6
  3209 | D:4      | 3209 ||| DRINKING 2 puce potions.
  3222 | D:5      | Entered Level 5 of the Dungeon
  3262 | D:5      | 3262 ||| Stepping ~*~*~tactically~*~*~ (stealth).
  3264 | D:5      | 3264 ||| Stepping ~*~*~tactically~*~*~ (hiding).
  3271 | D:5      | Reached skill level 1 in Dodging
  3283 | D:5      | Reached XP level 7. HP: 44/44 MP: 7/7
  3329 | D:5      | Reached skill level 1 in Throwing
  3332 | D:5      | Identified the +5 whip of Hanaet {flame, Str+3 Dex+4}
  3413 | D:5      | Reached skill level 6 in Axes
  3420 | D:5      | Found a staircase to the Ecumenical Temple.
  3421 | D:5      | 3421 ||| PLANNING TEMPLE
  3421 | D:5      | 3421 ||| READING scroll labelled NOTUICZI ITOE.
  3422 | D:5      | 3422 ||| READING scroll labelled GEYLAOR ADIY.
  3423 | D:5      | 3423 ||| READING scroll labelled VEDYXTAFRO.
  3430 | Temple   | Entered the Ecumenical Temple
  3509 | Temple   | 3509 ||| PLANNING OKAWARU WORSHIP
  3580 | Temple   | Became a worshipper of Warmaster Okawaru
  3581 | Temple   | 3581 ||| PLANNING D:1-11
  3676 | D:5      | 3676 ||| Stepping ~*~*~tactically~*~*~ (hiding).
  3677 | D:5      | 3677 ||| Stepping ~*~*~tactically~*~*~ (hiding).
  3678 | D:5      | 3678 ||| Stepping ~*~*~tactically~*~*~ (hiding).
  3679 | D:5      | 3679 ||| Stepping ~*~*~tactically~*~*~ (hiding).
  3696 | D:5      | HP: 9/44 [gnoll/+0 spear[a gnoll sergeant] (5)]
  3697 | D:5      | 3697 ||| READING 3 scrolls of teleportation.
  3698 | D:5      | HP: 1/44 [iguana (9)]
  3702 | D:5      | 3702 ||| READING 2 scrolls of teleportation.
  3759 | D:5      | 3759 ||| Stepping ~*~*~tactically~*~*~ (stealth).
  3804 | D:5      | 3804 ||| Stepping ~*~*~tactically~*~*~ (stealth).
  3828 | D:5      | Reached XP level 8. HP: 22/49 MP: 8/8
  3897 | D:5      | Reached skill level 7 in Axes
  4023 | D:5      | 4023 ||| UPGRADING to +0 chain mail.
  4033 | D:5      | 4033 ||| DROPPING +0 scale mail.
  4034 | D:5      | 4034 ||| DRINKING 2 lumpy yellow potions.
  4085 | D:6      | 4085 ||| Stepping ~*~*~tactically~*~*~ (stealth).
  4129 | D:6      | HP: 9/49 [ogre/+0 giant spiked club (8)]
  4130 | D:6      | 4130 ||| READING 2 scrolls of teleportation.
  4130 | D:6      | HP: 4/49 [orc priest/nerve-wracking pain (2)]
  4133 | D:6      | Reached * piety under Okawaru
  4134 | D:6      | Reached skill level 8 in Axes
  4153 | D:6      | 4153 ||| INVOKING Heroism.
  4157 | D:6      | 4157 ||| DRINKING 4 potions of curing.
  4157 | D:6      | 4157 ||| (to cure confusion)
  4291 | D:6      | Noticed Maggie
  4304 | D:6      | Killed Maggie
  4305 | D:6      | Reached skill level 6 in Fighting
  4308 | D:6      | 4308 ||| INVOKING Heroism.
  4337 | D:6      | Noticed a komodo dragon
  4338 | D:6      | 4338 ||| INVOKING Heroism.
  4346 | D:6      | Reached XP level 9. HP: 52/56 MP: 6/10
  4350 | D:6      | 4350 ||| INVOKING Heroism.
  4352 | D:6      | Killed a komodo dragon
  4353 | D:6      | Reached skill level 3 in Invocations
  4356 | D:6      | Reached ** piety under Okawaru
  4665 | D:6      | 4665 ||| Stepping ~*~*~tactically~*~*~ (hiding).
  4681 | D:6      | 4681 ||| Stepping ~*~*~tactically~*~*~ (hiding).
  4684 | D:6      | 4684 ||| INVOKING Heroism.
  4733 | D:6      | 4733 ||| INVOKING Heroism.
  4738 | D:6      | Reached skill level 9 in Axes
  4770 | D:6      | 4770 ||| INVOKING Heroism.
  4875 | D:6      | 4875 ||| UPGRADING to amulet of faith.
  4885 | D:6      | 4885 ||| READING 2 scrolls labelled MORAOLIROR.
  4886 | D:6      | 4886 ||| DRINKING 2 bubbling purple potions.
  4887 | D:6      | 4887 ||| DROPPING potion of degeneration.
  4888 | D:6      | 4888 ||| DROPPING scroll of vulnerability.
  4943 | D:7      | 4943 ||| INVOKING Heroism.
  4955 | D:7      | 4955 ||| Stepping ~*~*~tactically~*~*~ (hiding).
  5033 | D:7      | 5033 ||| Stepping ~*~*~tactically~*~*~ (stealth).
  5060 | D:7      | 5060 ||| INVOKING Heroism.
  5071 | D:7      | Reached skill level 10 in Axes
  5072 | D:7      | 5072 ||| FLEEEEING.
  5073 | D:7      | 5073 ||| FLEEEEING.
  5074 | D:7      | 5074 ||| FLEEEEING.
  5075 | D:7      | 5075 ||| FLEEEEING.
  5076 | D:7      | 5076 ||| FLEEEEING.
  5077 | D:7      | 5077 ||| FLEEEEING.
  5078 | D:7      | 5078 ||| FLEEEEING.
  5079 | D:7      | 5079 ||| FLEEEEING.
  5080 | D:7      | 5080 ||| FLEEEEING.
  5082 | D:7      | 5082 ||| FLEEEEING.
  5083 | D:7      | 5083 ||| FLEEEEING.
  5084 | D:7      | 5084 ||| FLEEEEING.
  5085 | D:7      | 5085 ||| FLEEEEING.
  5086 | D:7      | 5086 ||| FLEEEEING.
  5087 | D:7      | 5087 ||| STAIRDANCE
  5211 | D:7      | 5211 ||| INVOKING Heroism.
  5238 | D:7      | 5238 ||| STAIRDANCE
  5240 | D:6      | 5240 ||| INVOKING Heroism.
  5246 | D:6      | Reached XP level 10. HP: 28/63 MP: 10/13
  5377 | D:7      | 5377 ||| STAIRDANCE
  5428 | D:7      | 5428 ||| READING scroll of enchant weapon.
  5428 | D:7      | 5428 ||| ENCHANTING +3 war axe.
  5484 | D:7      | 5484 ||| Stepping ~*~*~tactically~*~*~ (hiding).
  5489 | D:7      | 5489 ||| INVOKING Heroism.
  5554 | D:7      | 5554 ||| Stepping ~*~*~tactically~*~*~ (stealth).
  5631 | D:7      | 5631 ||| Stepping ~*~*~tactically~*~*~ (hiding).
  5668 | D:7      | 5668 ||| INVOKING Heroism.
  5683 | D:7      | HP: 13/64 [killer bee (5)]
  5684 | D:7      | 5684 ||| READING scroll of teleportation.
  5685 | D:7      | 5685 ||| INVOKING Heroism.
  5685 | D:7      | HP: 4/64 [killer bee (6)]
  5688 | D:7      | Found an opulent altar of Gozag.
  5688 | D:7      | Found a sparkling altar of Nemelex Xobeh.
  5688 | D:7      | Found an ornate altar of the Wu Jian Council.
  5886 | D:7      | Found a hazy altar of Hepliaklqana.
  5886 | D:7      | Found an ancient bone altar of Kikubaaqudgha.
  5964 | D:7      | Found a shimmering blue altar of Sif Muna.
  5979 | D:7      | 5979 ||| INVOKING Heroism.
  5982 | D:7      | 5982 ||| Stepping ~*~*~tactically~*~*~ (hiding).
  6174 | D:7      | 6174 ||| UPGRADING to +2 pair of gloves of strength.
  6179 | D:7      | 6179 ||| UPGRADING to +0 plate armour.
  6189 | D:7      | 6189 ||| DROPPING +0 chain mail.
  6190 | D:7      | 6190 ||| UPGRADING to +0 helmet.
  6195 | D:7      | 6195 ||| DROPPING amulet of magic regeneration.
  6196 | D:7      | 6196 ||| READING 2 scrolls of identify.
  6196 | D:7      | 6196 ||| IDENTIFYING black potion
  6268 | D:8      | Found a burning altar of Makhleb.
  6312 | D:8      | 6312 ||| INVOKING Heroism.
  6313 | D:8      | 6313 ||| Stepping ~*~*~tactically~*~*~ (cloud).
  6321 | D:8      | 6321 ||| FLEEEEING.
  6323 | D:8      | 6323 ||| FLEEEEING.
  6324 | D:8      | 6324 ||| FLEEEEING.
  6325 | D:8      | 6325 ||| FLEEEEING.
  6340 | D:8      | 6340 ||| INVOKING Heroism.
  6347 | D:8      | Reached skill level 6 in Armour
  6349 | D:8      | 6349 ||| Stepping ~*~*~tactically~*~*~ (stealth).
  6356 | D:8      | 6356 ||| INVOKING Heroism.
  6372 | D:8      | 6372 ||| FLEEEEING.
  6373 | D:8      | 6373 ||| FLEEEEING.
  6374 | D:8      | 6374 ||| Stepping ~*~*~tactically~*~*~ (hiding).
  6375 | D:8      | 6375 ||| Stepping ~*~*~tactically~*~*~ (hiding).
  6377 | D:8      | 6377 ||| FLEEEEING.
  6378 | D:8      | 6378 ||| FLEEEEING.
  6379 | D:8      | 6379 ||| INVOKING Heroism.
  6525 | D:8      | 6525 ||| Stepping ~*~*~tactically~*~*~ (stealth).
  6528 | D:8      | 6528 ||| Stepping ~*~*~tactically~*~*~ (hiding).
  6529 | D:8      | 6529 ||| Stepping ~*~*~tactically~*~*~ (hiding).
  6665 | D:8      | Noticed a death yak
  6665 | D:8      | Noticed a death yak
  6666 | D:8      | 6666 ||| INVOKING Heroism.
  6672 | D:8      | Noticed a death yak
  6677 | D:8      | Killed a death yak
  6686 | D:8      | 6686 ||| INVOKING Heroism.
  6686 | D:8      | HP: 4/64 [death yak (16)]
  6688 | D:8      | Mangled by a death yak

Levels and vault maps discovered:
D:1:      dpeg_arrival_radiant, layout_basic,
          chequers_ecumenical_altar_simple_redux, minmay_cut_off
D:2:      layout_basic, minmay_rat_gold_closets
D:3:      layout_basic, old_standard_altar, tgw_trog, nrook_mini_vaults
D:4:      layout_basic, uniq_sigmund
D:5:      layout_rooms, minmay_temple_entry_trees
D:6:      layout_loops_ring, minmay_chambers_of_fives, uniq_maggie
D:7:      layout_cave_pools, nicolae_sif_muna_little_library,
          grunt_temple_overflow_open
D:8:      layout_cave_pools, mainiacjoe_overflow_24_doors, dpeg_lair_monsters
Temple:   jpeg_temple_clearing

Skill      XL: |  1  2  3  4  5  6  7  8  9 10 |
---------------+-------------------------------+-----
Axes           | 2 3 4 5 6 8 10 | 10.3
Fighting       | 5 6 7 8 |  8.1
Dodging        | 1 |  1.3
Throwing       | 1 2 |  2.1
Armour         | 4 5 7 |  7.4
Invocations    | 2 4 |  4.0
Shields        | 4 5 |  5.1

Action                     |  1- 3 |  4- 6 |  7- 9 | 10-12 || total
---------------------------+-------+-------+-------+-------++-------
  Melee: War axe           |   125 |   114 |   197 |   117 ||   553
  Throw: Boomerang         |    17 |       |    13 |    20 ||    50
         Javelin           |       |       |    24 |     7 ||    31
 Invoke: Heroism           |       |       |    11 |    10 ||    21
    Use: Scroll            |     4 |     6 |     7 |     3 ||    20
         Potion            |       |     2 |     3 |       ||     5
 Armour: Scale mail        |    62 |    33 |    56 |       ||   151
         Chain mail        |       |       |   120 |    51 ||   171
         Plate armour      |       |       |       |    27 ||    27
  Dodge: Dodged            |    59 |    37 |   145 |    41 ||   282
  Block: Buckler           |    27 |    17 |    58 |    28 ||   130

Table legend:
 A = Non-vault XP
 B = Vault XP
 C = Vault XP percentage of total XP
 D = Non-vault monster count
 E = Vault monster count
 F = Vault count percentage of total count
                 A         B        C        D         E       F
            +---------+---------+-------+---------+---------+-------
      Total |    5009 |    2682 |  34.9 |     170 |      24 |  12.4
            +---------+---------+-------+---------+---------+-------
        D:1 |      48 |       5 |   9.4 |      27 |       3 |  10.0
        D:2 |      44 |       8 |  15.4 |      18 |       8 |  30.8
        D:3 |      17 |      11 |  39.3 |       8 |       3 |  27.3
        D:4 |     216 |     223 |  50.8 |      10 |       1 |   9.1
        D:5 |     666 |       0 |   0.0 |      19 |       0 |   0.0
        D:6 |    1444 |    1212 |  45.6 |      35 |       6 |  14.6
        D:7 |    1890 |       0 |   0.0 |      37 |       0 |   0.0
        D:8 |     684 |    1223 |  64.1 |      16 |       3 |  15.8
            +---------+---------+-------+---------+---------+-------
